 Dungeon Crawl Stone Soup version 0.21-a0-91-ga5031da (webtiles) character file.

2207 Ijustatesigmund the Fighter (level 9, -7/94 HPs)
             Began as an Ogre Berserker on June 30, 2017.
             Was a High Priest of Trog.
             Mangled by an orc
             ... wielding a cursed +0 trident
              (9 damage)
             ... in a bailey.
             The game lasted 00:18:40 (6208 turns).

Ijustatesigmund the Fighter (Ogre Berserker)        Turns: 6208, Time: 00:18:41

Health: -7/94      AC:  5    Str: 25    XL:     9   Next: 34%
Magic:  9/9        EV: 11    Int:  8    God:    Trog [*****.]
Gold:   293        SH:  0    Dex: 16    Spells: 8/8 levels left

rFire    + . .     SeeInvis .   a - +4 giant spiked club
rCold    . . .     Gourm    +   (shield currently unavailable)
rNeg     . . .     Faith    .   b - +0 animal skin
rPois    .         Spirit   .   x - +0 hat
rElec    .         Reflect  .   m - +1 cloak
rCorr    +         Harm     .   (gloves unavailable)
MR       .....     Clarity  +   (boots unavailable)
Stlth    +.........             q - amulet of the gourmand
HPRegen  0.25/turn              n - +5 ring of dexterity
MPRegen  0.11/turn              k - ring "Felisash" {rCorr rF+}

@: berserk cooldown, slowed, very slow
A: unfitting armour, blurry vision 1, clarity, frail 1, strong 1, tough skin 1
a: Berserk, Trog's Hand, Brothers in Arms, Burn Spellbooks, Renounce Religion


You were in a bailey.
You worshipped Trog.
Trog was extremely pleased with you.
You were very full.

You visited 1 branch of the dungeon, and saw 7 of its levels.
You also visited: Sewer and Bailey.

You collected 293 gold pieces.

Inventory:

Hand Weapons
 a - a +4 giant spiked club (weapon)
Missiles
 A - 11 tomahawks (quivered)
Armour
 b - a +0 animal skin (worn)
 m - a +1 cloak (worn)
 x - a +0 hat (worn)
Jewellery
 k - the ring "Felisash" (right hand) {rCorr rF+}
   (You found it on level 4 of the Dungeon)

   [ring of resist corrosion]

   It protects you from fire.
 n - a +5 ring of dexterity (left hand)
 q - an amulet of the gourmand (around neck)
 w - a +3 amulet of reflection {unknown}
Wands
 d - a wand of polymorph (4/24)
 r - a wand of digging (13/24)
 C - a wand of lightning (10/15)
Scrolls
 g - 9 scrolls of teleportation
 i - a scroll of fog
 o - 2 scrolls of remove curse
 t - 5 scrolls of recharging
 B - a scroll of identify
Potions
 e - 6 potions of curing
 f - 3 potions of agility
 j - 2 potions of heal wounds
 l - 2 potions of haste
 s - 2 potions of magic
 u - 2 potions of might
 v - 2 potions of berserk rage
 z - 2 potions of brilliance
 D - a potion of flight {unknown}
Comestibles
 c - 3 bread rations
 h - 2 meat rations
 p - a fruit


   Skills:
 + Level 11.5 Fighting
 + Level 8.2 Maces & Flails
 + Level 3.4 Dodging


You had 8 spell levels left.
You didn't know any spells.

Dungeon Overview and Level Annotations

Branches:
Dungeon (7/15)             Temple (0/1) D:7

Altars:
Cheibriados
Dithmenos
Elyvilon
Hepliaklqana
Makhleb
Ru
Sif Muna
Trog
Wu Jian
Xom
Yredelemnul
Zin
The Shining One

Shops:
D:5 }


Innate Abilities, Weirdness & Mutations

You are too large for most types of armour.
You have tough skin. (AC +1)
Scrolls take you a little longer to read.
You possess an exceptional clarity of mind.
You are frail. (-10% HP)
Your muscles are strong. (Str +2)


Message History

You barely miss the orc. The orc barely misses you.
The orc completely misses you. The orc closely misses you. x2
The orc barely misses you. The orc hits you but does no damage.
The orc barely misses you. x2
The orc hits you from afar with an enchanted trident.
* * * LOW HITPOINT WARNING * * *
The orc hits you with a trident.
* * * LOW HITPOINT WARNING * * *
You closely miss the orc. The orc closely misses you.
The orc barely misses you. The orc misses you.
The orc hits you from afar with an enchanted trident.
* * * LOW HITPOINT WARNING * * *
The orc barely misses you.
The orc hits you from afar with a trident.
* * * LOW HITPOINT WARNING * * *
The orc hits you with a halberd!
* * * LOW HITPOINT WARNING * * *
The orc barely misses you.
The orc hits you from afar with an enchanted trident!
You die...

###########
##)∩o.......
#..@o......(
#.))oo.....o
#∩.)o......o
#...........
#...........
##.∩........
###########


You could see 5 orcs.

Vanquished Creatures
  The ghost of oki the Merchant of Misery, a novice OpNe of Kikubaaqudgha (Sewer)
  Grinder (D:3)
  Menkaure (D:5)
  2 orc warriors
  A sky beast (D:5)
  An ice beast (D:5)
  A necrophage (D:6)
  A centaur (D:5)
  2 bullfrogs (Sewer)
  A wight (D:6)
  A howler monkey (D:4)
  A bullfrog zombie (D:5)
  4 hounds
  A jelly (D:6)
  2 orc priests
  5 orc wizards
  2 bullfrog skeletons
  Jessica (D:3)
  Ijyb (D:3)
  Terence (D:2)
  3 worker ants
  5 adders
  11 river rats
  A shadow imp (D:5)
  2 worms
  2 adder skeletons
  A dart slug (D:1)
  4 leopard geckos
  22 orcs
  9 giant cockroaches
  8 goblins
  10 hobgoblins
  8 jackals
  3 quokkas (D:4)
  14 ball pythons
  A ball python skeleton (D:4)
  8 bats
  5 frilled lizards
  2 jackal skeletons
  2 kobolds
  A quokka skeleton (D:5)
  23 rats
  2 plants (D:6)
178 creatures vanquished.

Vanquished Creatures (others)
  A centaur (D:6)
  A river rat (Sewer)
2 creatures vanquished.

Grand Total: 180 creatures vanquished

Notes
Turn   | Place    | Note
-------+----------+-------------------------------------------
     0 | D:1      | Ijustatesigmund the Ogre Berserker began the quest for the Orb.
     0 | D:1      | Reached XP level 1. HP: 24/24 MP: 1/1
   173 | D:1      | Reached XP level 2. HP: 30/33 MP: 2/2
   680 | D:1      | Reached XP level 3. HP: 21/41 MP: 3/3
  1072 | D:2      | Reached ** piety under Trog
  1125 | D:2      | Reached skill level 5 in Fighting
  1242 | D:2      | Found a bloodstained altar of Trog.
  1244 | D:2      | Noticed Terence
  1256 | D:2      | Killed Terence
  1256 | D:2      | Reached XP level 4. HP: 50/50 MP: 4/4
  1555 | D:3      | Noticed Jessica
  1561 | D:3      | Killed Jessica
  1594 | D:3      | Noticed Ijyb
  1735 | D:3      | Killed Ijyb
  1735 | D:3      | Reached XP level 5. HP: 43/59 MP: 5/5
  1752 | D:3      | Noticed Grinder
  1770 | D:3      | Killed Grinder
  1770 | D:3      | Reached skill level 7 in Fighting
  1770 | D:3      | Reached XP level 6. HP: 44/71 MP: 6/6
  2145 | D:3      | Reached skill level 5 in Maces & Flails
  2354 | D:4      | Found a glowing drain.
  2407 | Sewer    | Entered a sewer
  2624 | Sewer    | Noticed oki's ghost (novice OpNe)
  2642 | Sewer    | Killed oki's ghost
  2642 | Sewer    | Reached skill level 8 in Fighting
  2642 | Sewer    | Reached XP level 7. HP: 35/81 MP: 7/7
  2941 | Sewer    | Reached *** piety under Trog
  3248 | Sewer    | Reached skill level 9 in Fighting
  3545 | Sewer    | Reached XP level 8. HP: 71/92 MP: 8/8
  3882 | D:4      | Got a warped amber ring
  3883 | D:4      | Identified the ring "Felisash" {rCorr rF+} (You found it on level 4 of the Dungeon)
  4046 | D:5      | Entered Level 5 of the Dungeon
  4069 | D:5      | Identified a scroll of acquirement
  4432 | D:5      | Reached **** piety under Trog
  4455 | D:5      | Reached skill level 10 in Fighting
  4638 | D:5      | Noticed Menkaure
  4641 | D:5      | Found a snail-covered altar of Cheibriados.
  4646 | D:5      | Killed Menkaure
  5061 | D:5      | Found Utuschy's Gadget Shoppe.
  5097 | D:5      | Reached XP level 9. HP: 102/102 MP: 9/9
  5105 | D:5      | Reached skill level 11 in Fighting
  5202 | D:5      | Found a glowing silver altar of Zin.
  5203 | D:5      | Found a shadowy altar of Dithmenos.
  5204 | D:5      | Found a glowing golden altar of the Shining One.
  5204 | D:5      | Found a white marble altar of Elyvilon.
  5204 | D:5      | Found a burning altar of Makhleb.
  5206 | D:5      | Found an ornate altar of the Wu Jian Council.
  5207 | D:5      | Found a hazy altar of Hepliaklqana.
  5320 | D:5      | Found a glowing golden altar of the Shining One.
  5558 | D:6      | Found a shimmering altar of Xom.
  5596 | D:6      | Gained mutation: Scrolls take you a little longer to read. [potion of mutation]
  5596 | D:6      | Gained mutation: Your muscles are strong. (Str +2) [potion of mutation]
  5596 | D:6      | Gained mutation: You are frail. (-10% HP) [potion of mutation]
  5596 | D:6      | Gained mutation: You possess an exceptional clarity of mind. [potion of mutation]
  5662 | D:6      | Found a sacrificial altar of Ru.
  5776 | D:6      | Found a basalt altar of Yredelemnul.
  6073 | D:7      | Found a deep blue altar of Sif Muna.
  6110 | D:7      | Found a flagged portal.
  6120 | Bailey   | Entered a bailey
  6192 | Bailey   | Reached ***** piety under Trog
  6208 | Bailey   | HP: 2/94 [orc/halberd (13)]
  6208 | Bailey   | Mangled by an orc

Vault maps used:
D:1:      dpeg_arrival_rooms_c
D:2:      lemuel_crystal_altar, first_bread, uniq_terence
D:3:      serial_corexii_hall, corexii_hall_statues_l, corexii_hall_statues_i,
          uniq_grinder, uniq_jessica, uniq_ijyb
D:4:      portal_sewer_entry_b
D:5:      minitemple, old_standard_altar, serial_shops, nicolae_shop_trees,
          tso_altar, uniq_menkaure
D:6:      kennysheep_mini_moat, xom_confusion_cloud,
          nicolae_ru_the_path_less_chosen
D:7:      kennysheep_little_box, minmay_temple_entry_poolview, enter_bailey_8,
          the_bakery, makhleb_blood_cavern_becter
Sewer:    sewer_minmay_w
Bailey:   bailey_polearm_5, bailey

Skill      XL: |  1  2  3  4  5  6  7  8  9 |
---------------+----------------------------+-----
Maces & Flails | 3 4 5 6 7 8 |  8.2
Fighting       | 5 7 8 9 10 11 | 11.5
Dodging        | 3 |  3.4

Action                   |  1- 3 |  4- 6 |  7- 9 || total
-------------------------+-------+-------+-------++-------
Melee: Mace              |   102 |   138 |   109 ||   349
       Unarmed           |     3 |       |       ||     3
       Giant spiked club |       |       |   176 ||   176
Throw: Tomahawk          |       |       |     1 ||     1
Invok: Berserk           |     1 |     3 |     8 ||    12
       Trog's Hand       |       |     2 |     2 ||     4
       Burn Spellbooks   |       |       |     1 ||     1
  Use: Scroll            |     7 |       |    19 ||    26
       Potion            |       |     4 |     1 ||     5
 Stab: Distracted        |       |       |     1 ||     1
       Sleeping          |       |       |     2 ||     2
  Eat: Chunk             |     1 |     5 |    26 ||    32
       Bread ration      |       |     1 |       ||     1
Armor: Animal skin       |    45 |    52 |   113 ||   210
Dodge: Dodged            |    83 |   110 |   262 ||   455
